 Dungeon Crawl Stone Soup version 0.17-a0-1195-g0639cb0 (webtiles) character file.

338 Chiseanne the Ducker (level 6, -2/47 HPs)
             Began as a Demonspawn Wanderer on June 2, 2015.
             Was an Initiate of Gozag.
             Slain by an orc wizard
             ... wielding a +1 dagger of electrocution
              (11 damage)
             ... on level 4 of the Dungeon.
             The game lasted 00:08:55 (4488 turns).

Chiseanne the Ducker (Demonspawn Wanderer)          Turns: 4488, Time: 00:08:55

Health: -2/47      AC:  6    Str: 14    XL:     6   Next: 29%
Magic:  6/6        EV: 11    Int: 12    God:    Gozag
Gold:   277        SH:  0    Dex: 14    Spells: 0 memorised, 5 levels left

rFire  . . .     SeeInvis .     a - +3 quarterstaff
rCold  . . .     Clarity  .     l - +0 scale mail
rNeg   . . .     SustAt   .     (no shield)
rPois  .         Gourm    .     (helmet restricted)
rElec  .         Spirit   .     (no cloak)
rCorr  .         Warding  .     (no gloves)
rMut   .         Stasis   .     (no boots)
MR     .....                    (no amulet)
Stlth  +.........               (no ring)
                                w - ring of teleport control

@: not resistant to hostile enchantments, very unstealthy
A: horns 1
a: Potion Petition, Call Merchant, Bribe Branch, Renounce Religion, Evoke
Teleport Control


You were on level 4 of the Dungeon.
You worshipped Gozag.
Gozag was noncommittal.
You were not hungry.

You visited 1 branch of the dungeon, and saw 4 of its levels.

You collected 313 gold pieces.
You paid 36 gold pieces to Gozag.

Inventory:

Hand weapons
 a - a +3 quarterstaff (weapon)
Missiles
 e - 20 poisoned needles
 q - 30 bolts
 r - a throwing net (quivered)
 s - 34 arrows
 t - 19 arrows of flame
Armour
 l - a +0 scale mail (worn)
Jewellery
 w - a ring of teleport control (left hand)
Magical devices
 g - a wand of fireball (1)
 o - a wand of fireball (11)
Scrolls
 d - 2 scrolls of identify
 h - 4 scrolls of remove curse
 p - 2 scrolls of teleportation
Potions
 b - 2 potions of curing
 c - 2 potions of lignification
 i - a potion of degeneration {unknown}
 j - 5 potions of brilliance
 k - 2 potions of agility
 m - 2 potions of haste
 u - a potion of flight
 v - a potion of might
Comestibles
 f - 4 bread rations
 n - 3 meat rations


   Skills:
 * Level 3.2 Fighting
   Level 2.6(2.8) Polearms
 - Level 1.0(2.0) Staves
 * Level 2.2 Armour
 * Level 4.3 Dodging
 - Level 1.7 Stealth
   Level 1.7 Shields


You had 5 spell levels left.
You didn't know any spells.

Dungeon Overview and Level Annotations

Branches:
Dungeon (4/15)
 Temple: D:4-7

Altars:
Ashenzari
Gozag
Sif Muna


Innate Abilities, Weirdness & Mutations

You have a pair of small horns on your head.


Message History

You kill the orc!
The orc wizard hits you but does no damage. x2
You are electrocuted!
You hit the orc wizard but do no damage.
The orc wizard hits you but does no damage.
You are electrocuted!
The orc wizard casts a spell at you. The puff of flame hits you!
You sock the orc wizard! Your headbutt misses the orc wizard.
The orc wizard is heavily wounded.
The orc wizard hits you but does no damage.
You are electrocuted!
* * * LOW HITPOINT WARNING * * *
The orc wizard closely misses you.
You closely miss the orc wizard. Your headbutt misses the orc wizard.
The orc wizard is heavily wounded.
The orc wizard hits you but does no damage.
You are electrocuted!
You die...
Your body crumbles into a pile of gold.

##...# ##..# #..##
#...# #..## #####
#..# ###)..######..#
###..o.....#....#
#..o.$@.........##
......##..........#
##.##
#......>...######
###................
##......##..........
##.....######.......)
#.....## ####....#
##...>## ######
#....##


You could see an orc wizard and an orc.

Vanquished Creatures
  A giant frog (D:4)
  2 orc wizards
  A worker ant (D:4)
  Robin (D:2)
  5 adders
  An ooze (D:3)
  3 worms (D:2)
  9 orcs
  A ball python (D:2)
  5 bats
  6 giant cockroaches
  15 goblins
  14 hobgoblins
  9 jackals
  10 kobolds
  2 quokkas
  3 giant geckos
  4 giant newts
  A jackal skeleton (D:4)
  13 rats
106 creatures vanquished.

Notes
Turn   | Place    | Note
--------------------------------------------------------------
     0 | D:1      | Chiseanne the Demonspawn Wanderer began the quest for the Orb.
     0 | D:1      | Chiseanne set off with: a +2 quarterstaff, a +0 spear, a potion of lignification, a +0 robe, a +0 dagger, a bread ration
     0 | D:1      | Reached XP level 1. HP: 15/15 MP: 1/1
   427 | D:1      | Gained mutation: You have a pair of small horns on your head. [demonic ancestry]
   427 | D:1      | Reached XP level 2. HP: 21/21 MP: 2/2
  1120 | D:2      | Reached XP level 3. HP: 20/27 MP: 3/3
  1744 | D:2      | Reached XP level 4. HP: 32/34 MP: 4/4
  1787 | D:2      | Noticed Robin
  1809 | D:2      | Reached skill level 3 in Dodging
  1811 | D:2      | Killed Robin
  2799 | D:3      | Reached skill level 1 in Armour
  2799 | D:3      | Reached XP level 5. HP: 16/40 MP: 5/5
  3153 | D:3      | Found an opulent altar of Gozag.
  3181 | D:3      | Became a worshipper of Gozag Ym Sagoz the Greedy
  3708 | D:3      | Found a deep blue altar of Sif Muna.
  3786 | D:4      | Reached skill level 4 in Dodging
  4146 | D:4      | Found a shattered altar of Ashenzari.
  4207 | D:4      | Reached XP level 6. HP: 47/47 MP: 6/6
  4488 | D:4      | Slain by an orc wizard

Vault maps used:
D:1:      scummos_arrival_gate
D:2:      guppyfry_early_lair_pool, uniq_robin
D:3:      grunt_gozag_breadcrumbs, lemuel_blue_sif_altar
D:4:      cheibrodos_ashenzari_chains

Action                   |  1- 3 |  4- 6 || total
-------------------------+-------+-------++-------
Melee: Quarterstaff      |    99 |   133 ||   232
Evoke: Wand              |       |     3 ||     3
  Use: Scroll            |     8 |     6 ||    14
 Stab: Sleeping          |     2 |       ||     2
       Distracted        |       |     1 ||     1
  Eat: Chunk             |     3 |     4 ||     7
       Fruit             |       |     7 ||     7
       Beef jerky        |       |     1 ||     1
